 Dungeon Crawl Stone Soup version 0.27-a0-448-gace5c5693b (webtiles) character file.

Game seed: 5440713221097129750

53 sanka the Insei (level 3, -2/26 HPs)
             Began as a Vampire Transmuter on Feb 27, 2021.
             Hit by a boomerang thrown by an orc (4 damage)
             ... on level 2 of the Dungeon.
             The game lasted 00:01:58 (1071 turns).

sanka the Insei (Vampire Transmuter)                Turns: 1071, Time: 00:01:58

Health: -2/26      AC:  2    Str:  9    XL:     3   Next: 64%
Magic:  6/6        EV: 12    Int: 15    God:
Gold:   101        SH:  0    Dex: 15    Spells: 5/6 levels left

rFire    . . .     SeeInvis +     - Unarmed
rCold    . . .     Faith    .   (no shield)
rNeg     . . .     Spirit   .   a - +0 robe
rPois    .         Reflect  .   (no helmet)
rElec    .         Harm     .   (no cloak)
rCorr    .         Rampage  .   (no gloves)
Will     .....                  (no boots)
Stlth    +.........             (no amulet)
HPRegen  0.28/turn              (no ring)
MPRegen  0.10/turn              (no ring)

@: regenerating quickly
A: fangs 3, see invisible, unbreathing
a: Exsanguinate


You were on level 2 of the Dungeon.
You visited 1 branch of the dungeon, and saw 2 of its levels.

You collected 101 gold pieces.


Innate Abilities, Weirdness & Mutations

Your natural rate of healing is unusually fast.
You have razor-sharp teeth.
You have supernaturally acute eyesight. (SInv)
You can survive without breathing.


   Skills:
 - Level 1.0 Fighting
 - Level 2.1 Dodging
 - Level 4.0 Unarmed Combat
 - Level 2.0 Spellcasting
 + Level 3.2 Transmutations
 + Level 1.3 Poison Magic


You had 5 spell levels left.
You knew the following spells:

 Your Spells              Type           Power        Failure   Level
z - Beastly Appendage     Tmut           22%          6%          1

Your spell library contained the following spells:

 Spells                   Type           Power        Failure   Level
 Wereblood                Tmut           11%          9%          2
 Spider Form              Tmut/Pois      4%           26%         3
 Ice Form                 Ice/Tmut       6%           75%         4
 Blade Hands              Tmut           5%           85%         5

Inventory:

Armour
 a - a +0 robe (worn)
Jewellery
 e - a ring of ice
Scrolls
 b - a scroll of fear {unknown}
 c - 3 scrolls of identify {unknown}
Potions
 d - 2 potions of curing {unknown}

Dungeon Overview and Level Annotations

Branches:
Dungeon (2/15)

Altars:
Dithmenos

▒▒▒▒▒▒▒ ▒...(.l ▒...... ▒▒▒
▒...... ▒▒▒.▒▒▒▒ ▒......▒
▒▒▒▒▒......▒ ▒......▒
▒>...>..▒▒.▒
▒......▒▒▒▒▒.▒†▒.▒▒.▒▒▒▒
▒▒▒......V.....o....).....
▒........▒▒▒▒▒.▒...▒▒..▒▒▒
▒..................▒▒.....
▒.........▒▒▒▒▒..▒.▒▒.....
▒.............▒▒▒▒.▒▒..▒▒▒
▒.....▒▒▒.....▒ ▒.▒▒..▒▒▒
▒▒▒.....▒...▒▒..▒ ▒.▒▒...[.
▒....†..▒....▒..▒▒▒▒.▒▒.....
▒.........._.†....▒▒.▒▒.....


You could see an orc and a leopard gecko (asleep).


Message History

You headbutt the orc.
You kill the orc!
The orc hits you with a +0 mace!
* * * LOW HITPOINT WARNING * * *
Items here: )) [[ ††.
You closely miss the orc. Your headbutt misses the orc.
Your punch misses the orc.
Your transformation is almost over.
You hit the orc. Your kick misses the orc.
The orc is moderately wounded.
The orc hits you but does no damage.
The orc throws a boomerang.
The boomerang misses you.
The orc throws a boomerang.
The boomerang hits you.
* * * LOW HITPOINT WARNING * * *
The orc throws a boomerang.
The boomerang hits you.
* * * LOW HITPOINT WARNING * * *
Your horns disappear.
Your talons disappear.
The orc throws a boomerang.
The boomerang hits you.
* * * LOW HITPOINT WARNING * * *
A leopard gecko comes into view.
The orc throws a boomerang.
The boomerang hits you.
You die...

Action                   || total
-------------------------++-------
Melee: Unarmed           ||    69
       Headbutt          ||    14
       Kick              ||    18
       Punch             ||     2
       Bite              ||     3
 Cast: Beastly Appendage ||    16
 Stab: Sleeping          ||     1
Armor: Robe              ||     6
Dodge: Dodged            ||    40

Levels and vault maps discovered:
D:1:      lemuel_arrival_hallway, layout_loops_ring
D:2:      layout_basic, nicolae_overflow_crystal_walls

Notes
Turn   | Place    | Note
-------+----------+-------------------------------------------
     0 | D:1      | sanka the Vampire Transmuter began the quest for the Orb.
     0 | D:1      | Reached XP level 1. HP: 14/14 MP: 3/3
    23 | D:1      | Reached skill level 1 in Fighting
    71 | D:1      | Reached skill level 4 in Unarmed Combat
    71 | D:1      | Reached XP level 2. HP: 21/21 MP: 3/5
   914 | D:2      | Found a shadowy altar of Dithmenos.
   925 | D:2      | Reached skill level 3 in Transmutations
   925 | D:2      | Reached skill level 1 in Poison Magic
   925 | D:2      | Reached XP level 3. HP: 20/26 MP: 4/6
  1070 | D:2      | HP: 1/26 [orc/boomerang (4)]
  1071 | D:2      | Hit by a boomerang thrown by an orc

Vanquished Creatures
  An adder (D:2)
  2 oozes (D:1)
  A worm (D:2)
  2 dart slugs
  4 orcs (D:2)
  4 giant cockroaches
  2 goblins (D:1)
  3 hobgoblins (D:1)
  A kobold (D:1)
  A bat (D:2)
  A frilled lizard (D:1)
  2 rats (D:1)
24 creatures vanquished.
